 Dungeon Crawl Stone Soup version 0.27.1-4-g1640c2035a (webtiles) character file.

Game seed: 6549762209214374269

283 ABBCCCDDDD the Chopper (level 6, 0/50 (51) HPs)
             Began as a Hill Orc Delver on Nov 1, 2021.
             Was an Initiate of Trog.
             Slain by an orc (3 damage)
             ... summoned by a gnoll
             ... on level 4 of the Dungeon.
             The game lasted 00:08:39 (6480 turns).

ABBCCCDDDD the Chopper (Hill Orc Delver)            Turns: 6480, Time: 00:08:40

HP:   0/50 (51)     AC:  8    Str: 17    XL:     6   Next: 28%
MP:   6/6           EV:  7    Int: 10    God:    Trog [......]
Gold: 242           SH:  5    Dex: 12    Spells: 5/5 levels left

rFire    . . .     SeeInvis .   x - +0 war axe
rCold    . . .     Faith    .   h - +0 buckler
rNeg     . . .     Spirit   .   w - +0 chain mail
rPois    .         Reflect  .   (no helmet)
rElec    .         Harm     .   (no cloak)
rCorr    .         Rampage  .   (no gloves)
Will     .....                  (no boots)
Stlth    ..........             (no amulet)
HPRegen  0.16/turn              (no ring)
MPRegen  0.10/turn              (no ring)

@: lightly drained
A: no striking features
a: Renounce Religion


You were on level 4 of the Dungeon.
You worshipped Trog.
Trog was noncommittal.
You visited 2 branches of the dungeon, and saw 6 of its levels.

You collected 242 gold pieces.

Inventory:

Hand Weapons
 a - a +0 spear of venom
 x - a +0 war axe (weapon)
Missiles
 s - 10 poisoned darts (quivered)
Armour
 h - a +0 buckler (worn)
 w - a +0 chain mail (worn)
Wands
 g - a wand of digging (2)
 j - a wand of paralysis (6)
 k - a wand of polymorph (11)
Scrolls
 b - 2 scrolls of vulnerability {unknown}
 c - a scroll of fog
 d - 2 scrolls of magic mapping
 e - a scroll of fear
 i - 4 scrolls of identify {unknown}
 n - a scroll of holy word {unknown}
 o - a scroll of enchant armour {unknown}
 q - 3 scrolls of teleportation {unknown}
 r - a scroll of brand weapon {unknown}
 v - 2 scrolls of amnesia {unknown}
Potions
 f - a potion of haste
 l - a potion of curing {unknown}
 m - a potion of degeneration {unknown}
 p - a potion of cancellation {unknown}
 t - 2 potions of brilliance {unknown}
 u - a potion of heal wounds


   Skills:
 - Level 3.6 Fighting
 + Level 6.8 Axes
 - Level 1.5 Dodging
 - Level 4.1 Stealth
 - Level 4.0 Shields


You had 5 spell levels left.
You didn't know any spells.
Your spell library contained the following spells:

 Spells                   Type           Power      Damage    Failure   Level
 Beastly Appendage        Tmut           0%         N/A       100%        1
 Wereblood                Tmut           0%         N/A       100%        2
 Spider Form              Tmut/Pois      0%         N/A       100%        3
 Fireball                 Conj/Fire      0%         3d3       100%        5
 Conjure Ball Lightning   Conj/Air       0%         3x3d6     100%        6
 Starburst                Conj/Fire      0%         6d3       100%        6
 Discord                  Hex            0%         N/A       100%        8
 Disjunction              Tloc           0%         N/A       100%        8
 Ignition                 Fire           0%         3d3       100%        8


Dungeon Overview and Level Annotations

Branches:
Dungeon (5/15)             Temple (1/1) D:4

Altars:
Cheibriados
Dithmenos
Elyvilon
Fedhas
Gozag
Nemelex Xobeh
Okawaru
Qazlal
Ru
Trog
Uskayaw
Vehumet
Wu Jian
Yredelemnul
Zin
The Shining One

Annotations:
D:5 Grinder


Message History

You kill the gnoll!
The gnoll's corpse dissolves into shadows!
You barely miss the ufetubus. You closely miss the orc.
The gnoll dissolves into shadows!
The ufetubus hits you but does no damage. x2
The orc hits you with a +0 mace. You block the ufetubus's attack. x2
You hit the gnoll.
The gnoll is moderately wounded.
You closely miss the ufetubus. You closely miss the orc.
The ufetubus barely misses you. You block the ufetubus's attack.
The gnoll hits you with a +0 club. The orc hits you but does no damage.
You barely miss the gnoll.
The gnoll is moderately wounded.
You barely miss the orc. You hit the ufetubus.
The ufetubus hits you but does no damage.
The ufetubus hits you.
* * * LOW HITPOINT WARNING * * *
The gnoll hits you but does no damage. The orc hits you but does no damage.
The ufetubus closely misses you.
The ufetubus hits you but does no damage.
You barely miss the ufetubus.
The ufetubus is moderately wounded.
You hit the gnoll. You hit the orc but do no damage.
The ufetubus hits you but does no damage.
The ufetubus hits you.
* * * LOW HITPOINT WARNING * * *
You block the gnoll's attack. The orc hits you with a +0 mace.
* * * LOW HITPOINT WARNING * * *
The ufetubus hits you but does no damage. x2
The gnoll hits you with a +0 club.
* * * LOW HITPOINT WARNING * * *
You barely miss the ufetubus.
The ufetubus is moderately wounded.
You closely miss the orc. You hit the gnoll but do no damage.
The ufetubus hits you but does no damage.
The ufetubus barely misses you. The orc hits you with a +0 mace.
* * * LOW HITPOINT WARNING * * *
The ufetubus barely misses you. The ufetubus closely misses you.
The gnoll hits you but does no damage. The orc hits you with a +0 mace.
You die...

######### ###
#### #.......#
#.. #..#
#.......# #..
+..# #.(.....#
#..
#..#####.......#
#..
##..#.........o.#
#.#
#...#.........5@#
#######..
#...'....#####g##
##.....##.
##..#....# #.
#.......#.
#..#....# .#
##......#.
#..#....####.
#......#.
###.g#.........
#......#.
.....'........
#......#.
.....#........
#.....##.
.###'#.......
#.>...##.


You could see a gnoll, an orc (summoned) and an ufetubus.

Levels and vault maps discovered:
D:1:      dpeg_arrival_arbitrary_b, layout_basic,
          dreamdust_ecumenical_altar_grove
D:2:      wander_river, layout_basic, minmay_gold_behind_fungi
D:3:      layout_loops_cross, hex_large
D:4:      layout_gridville, minmay_temple_entry_butterflies
D:5:      minmay_diamond_boxcup, layout_basic, kennysheep_flooded_box,
          amcnicky_altar_lugonu_corruption, uniq_grinder, uniq_eustachio,
          uniq_menkaure
Temple:   minmay_temple_bridge_d

Notes
Turn   | Place    | Note
-------+----------+-------------------------------------------
     0 | D:5      | ABBCCCDDDD the Hill Orc Delver began the quest for the Orb.
     0 | D:5      | Reached XP level 1. HP: 19/19 MP: 1/1
     0 | D:5      | Noticed Grinder
   170 | D:4      | Noticed a hound
   189 | D:3      | Noticed an orc priest
   368 | D:4      | Noticed an iguana
   463 | D:2      | Reached skill level 3 in Axes
   463 | D:2      | Reached skill level 1 in Shields
   463 | D:2      | Reached XP level 2. HP: 20/26 MP: 2/2
  1046 | D:1      | Reached XP level 3. HP: 26/31 MP: 3/3
  2285 | D:1      | Found a faded altar of an unknown god.
  2591 | D:2      | Reached XP level 4. HP: 24/39 MP: 4/4
  3193 | D:3      | Reached skill level 4 in Axes
  3831 | D:2      | Reached XP level 5. HP: 25/45 MP: 5/5
  4180 | D:2      | Reached skill level 5 in Axes
  5464 | D:4      | Found a staircase to the Ecumenical Temple.
  5487 | Temple   | Entered the Ecumenical Temple
  5581 | Temple   | Became a worshipper of Trog the Wrathful
  5662 | D:4      | Noticed an ogre
  5685 | D:3      | Reached skill level 6 in Axes
  5787 | D:4      | Reached XP level 6. HP: 38/47 MP: 6/6
  6480 | D:4      | Slain by an orc

Table legend: (Time is in decaauts)
 A = Elapsed time spent in this place.
 B = Non-inter-level travel time spent in this place.
 C = Inter-level travel time spent in this place.
 D = Time resting spent in this place.
 E = Time spent auto-exploring this place.
 F = Levels seen in this place.
 G = Mean time per level.
                   A        B        C        D        E       F      G
               +--------+--------+--------+--------+--------+-----+--------+
         Total |   6566 |   6262 |    304 |   2085 |   2815 |   6 | 1094.3 |
       Dungeon |   6400 |   6186 |    214 |   2085 |   2752 |   5 | 1280.0 |
        Temple |    165 |     75 |     90 |      0 |     63 |   1 |  165.0 |
               +--------+--------+--------+--------+--------+-----+--------+

Top non-repeatable levels by time:
     D:2: 2295 daAuts
     D:3: 1694 daAuts
     D:1: 1444 daAuts
     D:4: 952 daAuts
  Temple: 165 daAuts
     D:5: 14 daAuts

Table legend:
 A = Kills in this place as a percentage of kills in entire the game.
 B = Kills by you in this place as a percentage of kills by you in the entire game.
 C = Kills by friends in this place as a percentage of kills by friends in the entire game.
 D = Other kills in this place as a percentage of other kills in the entire game.
 E = Experience gained in this place as a percentage of experience gained in the entire game.
 F = Experience gained in this place divided by the number of levels of this place that you have seen.
                   A       B       C       D       E      F
               +-------+-------+-------+-------+-------+----------------------
         Total | 100.0 | 100.0 |   N/A |   N/A | 100.0 |  67.5
       Dungeon | 100.0 | 100.0 |   N/A |   N/A | 100.0 |  81.0
               +-------+-------+-------+-------+-------+----------------------

Action                   |  1- 3 |  4- 6 || total
-------------------------+-------+-------++-------
Melee: Hand axe          |   140 |   128 ||   268
       War axe           |       |    64 ||    64
Throw: Dart              |       |    18 ||    18
Evoke: Wand              |       |     1 ||     1
  Use: Potion            |       |     1 ||     1
 Stab: Sleeping          |     2 |       ||     2
Armor: Leather armour    |    11 |       ||    11
       Scale mail        |    52 |    23 ||    75
       Chain mail        |       |    74 ||    74
Dodge: Dodged            |    58 |    77 ||   135
Block: Buckler           |    24 |    51 ||    75

Vanquished Creatures
  A jelly (D:4)
  2 orc priests
  A hound (D:4)
  4 gnolls
  2 adders
  A worm (D:3)
  4 dart slugs
  17 orcs
  7 ball pythons
  9 endoplasms
  5 giant cockroaches
  3 goblins (D:1)
  9 hobgoblins
  4 quokkas
  2 bats (D:1)
  2 frilled lizards (D:1)
  7 kobolds
  A rat (D:2)
81 creatures vanquished.

Vanquished Creatures (others)
  5 toadstools (D:2)
5 creatures vanquished.

Grand Total: 86 creatures vanquished
